AoeStats
← 啊超

Hill Fort

504059158Analyzed
4v4 RM · 28d ago on Sep 3, 2026· 26m 36s· 8 players
Game mode
Random Map
Map size
Large (8 player)
Population
200
Speed
Normal
Resources
Standard
Victory
Conquest
Starting age
Dark Age
Ending age
Imperial Age
RankedLock teamsTeams togetherTeam positionsShared explorationLock speedFull tech treeHidden civsTurbo modeCheats
Victory
Defeat
🇬🇧 Georgians · United Kingdom
1148
+14
🇮🇹 Chinese · Italy
1133
+14
1114
+15
🇩🇪 Persians · Germany
1098
+16
🇩🇪 Persians · Germany
1132
-16
🇨🇳 Jurchens · China
1106
-15
🇨🇳 Berbers · China
1090
-14
🇦🇷 Turks · Argentina
1071
-14
单身的老汤姆
10:10 Feudal Age
14:44 Castle Age
14:01 Double-Bit Axe
16:31 Bow Saw
17:12 Loom
19:12 Horse Collar
21:42 Heavy Plow
24:14 Wheelbarrow
24:06 Fletching
25:30 Murder Holes
TAM_OTT
0:52 Loom
9:34 Feudal Age
11:49 Horse Collar
12:30 Double-Bit Axe
18:58 Castle Age
19:54 Bow Saw
20:15 Heavy Plow
22:30 Wheelbarrow
啊超
10:58 Feudal Age
18:20 Castle Age
16:23 Double-Bit Axe
16:34 Horse Collar
21:29 Loom
21:53 Pikeman
nvrwqpbr
12:37 Feudal Age
14:07 Double-Bit Axe
16:47 Castle Age
22:06 Imperial Age
25:49 Padded Archer Armor
Lothar of the Hill People
8:52 Loom
11:38 Feudal Age
16:47 Castle Age
15:25 Double-Bit Axe
15:24 Horse Collar
16:41 Scale Barding Armor
17:55 Forging
19:07 Chain Barding Armor
19:35 Heavy Plow
21:17 Bow Saw
21:21 Gold Mining
riccardog92
6:22 Loom
9:17 Feudal Age
9:53 Double-Bit Axe
14:27 Horse Collar
17:30 Fletching
19:22 Padded Archer Armor
23:40 Castle Age
22:56 Wheelbarrow
26:12 Bow Saw
Bloodfire
11:02 Feudal Age
9:18 Loom
14:58 Castle Age
13:55 Double-Bit Axe
14:47 Horse Collar
21:00 Husbandry
25:00 Bloodlines
26:35 Forging
26:31 Scale Barding Armor
INKAS | Spadasangrienta
11:39 Feudal Age
15:53 Castle Age
14:41 Double-Bit Axe
14:38 Horse Collar
16:59 Loom
18:20 Wheelbarrow
18:37 Town Watch
Connection lost

Rejoining the realm…

Still unreachable

The connection could not be restored.

Session expired

The server has moved on; the page needs a fresh start.